Rangers vs Panthers (R2)

Created - 14 avril 2016 at 10:13

Goals
1 2 3 T
Rangers 1 2 5 8
Panthers 3 0 0 3
Shots
1 2 3 T
Rangers 14 5 18 37
Panthers 11 11 8 30

1st period

1. Panthers , Scott Gomez 30 (Taylor Hall) at 4:11
2. Panthers , Mats Sundin 10 (Alexander Perezhogin) at 4:17
3. Rangers , Matt Read 14 (Milan Lucic, Stephen Weiss) at 7:50
4. Panthers , Marian Hossa 38 (Sidney Crosby, Taylor Hall) at 16:23

Penalties :
Scott Gomez (Flo) for Holding (Minor) at 1:52, Taylor Hall (Flo) for Hooking (Minor) at 11:54, Patrice Bergeron (NYR) for Holding (Minor) at 17:06

2nd period

5. Rangers , Ryan Suter 4 (Unassisted) at 2:49
6. Rangers , Mike Cammalleri 17 (Patrice Bergeron, Cam Barker) at 6:34 (PP)

Penalties :
Milan Lucic (NYR) for Elbowing (Minor) at 3:06, Ryan Bayda (Flo) for Hooking (Minor) at 6:00, Matt Read (NYR) for Holding (Minor) at 13:53

3rd period

7. Rangers , Jakob Silfverberg 15 (Mark Fistric) at 0:30
8. Rangers , Mike Cammalleri 18 (Patrice Bergeron) at 3:46
9. Rangers , Stephen Weiss 23 (Milan Lucic, Cam Barker) at 4:14
10. Rangers , Stephen Weiss 24 (Milan Lucic) at 4:48 (PP)
11. Rangers , Jakob Silfverberg 16 (Mike Cammalleri) at 11:15

Penalties :
Chris Bourque (NYR) for Hooking (Minor) at 1:06, Taylor Hall (Flo) for Hooking (Minor) at 4:36, Scott Gomez (Flo) for Holding (Minor) at 6:40, Alexander Perezhogin (Flo) for Roughing (Minor) at 17:28

Goalie Stats

Henrik Lundqvist (NYR), 27 saves from 30 shots - (0,900), W, 19-24-5, 60:00 minutes
Antti Niemi (Flo), 18 saves from 23 shots - (0,783), L, 29-22-5, 43:46 minutes
Jeff Deslauriers (Flo), 11 saves from 14 shots - (0,786), 16:14 minutes

Players Stats for Rangers

Player Name              G  A  P  +/- PIM S  H  SB GA TA FO     MP     PP MP  PK MP  
------------------------------------------------------------------------------------
Alexei Emelin            0  0  0  -1  0   1  0  1  0  0  0/0    11:49   0:00   0:00 
Bryan Young              0  0  0   0  0   0  0  0  0  0  0/0     2:31   0:00   0:00 
Cam Barker               0  2  2   4  0   3  1  0  2  3  0/0    29:08   5:06   4:47 
Chris Bourque            0  0  0  -1  2   3  0  0  0  1  1/3    13:40   0:00   2:09 
Igor Radulov             0  0  0  -1  0   2  0  1  0  0  0/0     7:29   0:00   1:34 
Jakob Silfverberg        2  0  2   3  0   3  3  0  2  1  0/0    16:20   3:51   0:00 
Mark Fistric             0  1  1   4  0   2  1  1  0  0  0/0    26:37   5:06   4:47 
Matt Greene              0  0  0  -1  0   2  0  1  0  1  0/0    19:02   3:36   3:09 
Matt Read                1  0  1   1  2   4  2  1  0  0  0/4    18:23   4:44   0:00 
Mike Cammalleri          2  1  3   3  0   3  2  0  0  0  1/1    18:29   3:51   1:43 
Milan Lucic              0  3  3   1  2   4  4  1  2  1  2/3    26:34   4:37   3:05 
Patrice Bergeron         0  2  2   3  2   2  1  1  0  0  5/9    18:57   3:51   2:12 
Radek Bonk               0  0  0  -1  0   0  0  0  0  0  3/6     7:22   0:07   0:52 
Ryan Jones               0  0  0   0  0   1  3  0  0  0  0/0    10:50   0:00   0:00 
Ryan Suter               1  0  1   0  0   2  1  0  0  0  0/0    19:03   3:36   3:09 
Staffan Kronwall         0  0  0  -1  0   1  1  0  0  0  0/0    11:49   0:00   0:00 
Stephen Weiss            2  1  3   1  0   3  3  0  0  1  19/39  22:41   4:44   4:17 
Valtteri Filppula        0  0  0   0  0   1  1  0  0  0  3/6    11:15   0:21   0:00 

Players Stats for Panthers

Player Name              G  A  P  +/- PIM S  H  SB GA TA FO     MP     PP MP  PK MP  
------------------------------------------------------------------------------------
Alexander Perezhogin     0  1  1   0  2   3  2  0  0  0  0/1    10:02   0:06   0:00 
Bryan McCabe             0  0  0   1  0   0  1  0  0  2  0/0    19:35   2:49   2:59 
Daniel Paille            0  0  0  -2  0   1  4  1  1  0  0/0    19:17   3:36   5:02 
Jeff Tambellini          0  0  0   0  0   1  0  0  1  0  0/0    11:26   0:10   1:17 
Keith Aulie              0  0  0  -2  0   1  1  1  0  0  0/0    11:38   0:00   0:43 
Lubomir Visnovsky        0  0  0   0  0   0  2  1  1  2  0/0    20:17   2:49   5:00 
Marian Hossa             1  0  1  -1  0   5  1  1  1  0  0/1    21:31   4:23   2:12 
Mats Sundin              1  0  1   0  0   1  0  1  0  0  6/11   12:53   0:06   1:37 
Matthew Spiller          0  0  0  -1  0   1  1  3  3  2  0/0    28:05   5:07   2:59 
Mattias Weinhandl        0  0  0   0  0   0  0  0  0  0  0/0     7:48   0:00   0:00 
Nate Guenin              0  0  0  -2  0   0  1  0  0  0  0/0    10:55   0:00   0:00 
Peter Prucha             0  0  0  -3  0   1  2  0  0  0  0/0    13:43   3:27   0:00 
Rickard Wallin           0  0  0   0  0   1  1  0  0  0  2/4     8:10   0:00   0:17 
Ryan Bayda               0  0  0   0  2   2  0  0  0  0  0/0     7:58   0:00   0:11 
Scott Gomez              1  0  1  -2  4   5  2  1  0  0  12/18  17:54   3:27   3:05 
Sidney Crosby            0  1  1  -1  0   1  1  0  0  0  15/32  18:55   4:23   1:32 
Steve Montador           0  0  0  -2  0   1  2  3  0  0  0/0    29:30   5:07   5:43 
Taylor Hall              0  2  2   0  4   6  2  0  1  0  2/4    21:35   4:10   2:11 

3 Stars

1 - Mike Cammalleri (NYR)
2 - Jakob Silfverberg (NYR)
3 - Stephen Weiss (NYR)

Power Play

Rangers - 2 on 6 Attempt(s) - 33,33%
Panthers - 0 on 5 Attempt(s) - 0,00%

Penalty Kill

Rangers - 5 on 5 Attempt(s) - 100,00% - Score 0 goal in Penalty Kill
Panthers - 4 on 6 Attempt(s) - 66,67% - Score 0 goal in Penalty Kill

Team Stat

Rangers - Hits : 23 - Faceoff Wins : 34 - Blocked Shots : 7 - Penalty Minutes : 8
Panthers - Hits : 23 - Faceoff Wins : 37 - Blocked Shots : 12 - Penalty Minutes : 12

Official

Referees : McCauley Wes and Hebert Ghislain
Linesman : Brian Murphy and Vaughan Rody

Game Notes

2:49 of 2nd period - Penalty Shot by Ryan Suter for Rangers - Goal!
Jeff Deslauriers enters game at 3:46 of 3rd period
Sidney Crosby is injured at 11:43 of 3rd period (Right Eye)

Finance

Level 1 -- Attendance: 6000 (100,00%) -- Ticket Income 498 000 $
Level 2 -- Attendance: 5000 (100,00%) -- Ticket Income 250 000 $
Level 3 -- Attendance: 1244 (62,20%) -- Ticket Income 54 736 $
Level 4 -- Attendance: 2552 (63,80%) -- Ticket Income 74 008 $
Luxury Box -- Attendance: 963 (96,30%) -- Ticket Income 134 820 $
Game was played at the Bank Atlantic Cente.
Total Attendance: 15759 (87,55%)
Total Ticket Income: 1 011 564 $
Other Income: 151 735 $
Total Income: 1 163 299 $

Rangers

5 vs 5 Forward 
   Center                   Left Wing                Right Wing               Time % Phy DF OF 
 1 Stephen Weiss            Milan Lucic              Matt Read                40     1   2  2  
 2 Patrice Bergeron         Mike Cammalleri          Jakob Silfverberg        30     1   2  2  
 3 Valtteri Filppula        Chris Bourque            Ryan Jones               20     1   2  2  
 4 Radek Bonk               Igor Radulov             Milan Lucic              10     1   2  2  

5 vs 5 Defense 
   Defense                  Defense                                           Time % Phy DF OF 
 1 Cam Barker               Mark Fistric                                      40     1   2  2  
 2 Matt Greene              Ryan Suter                                        30     1   2  2  
 3 Staffan Kronwall         Alexei Emelin                                     20     1   2  2  
 4 Bryan Young              Cam Barker                                        10     1   2  2  

PowerPlay Forward 
   Center                   Left Wing                Right Wing               Time % Phy DF OF 
 1 Stephen Weiss            Milan Lucic              Matt Read                60     1   2  2  
 2 Patrice Bergeron         Mike Cammalleri          Jakob Silfverberg        40     1   2  2  

PowerPlay Defense
   Defense                  Defense                                           Time % Phy DF OF 
 1 Cam Barker               Mark Fistric                                      60     1   2  2  
 2 Matt Greene              Ryan Suter                                        40     1   2  2  

Penalty Kill 4 Players Forward 
   Center                   Wing                     Time % Phy DF OF 
 1 Milan Lucic              Stephen Weiss            60     1   2  2  
 2 Patrice Bergeron         Mike Cammalleri          40     1   2  2  

Penalty Kill 4 Players Defense
   Defense                  Defense                  Time % Phy DF OF 
 1 Cam Barker               Mark Fistric             60     1   2  2  
 2 Matt Greene              Ryan Suter               40     1   2  2  

Penalty Kill - 3 Players Forward 
   Forward                                           Time % Phy DF OF 
 1 Milan Lucic                                       60     1   2  2  
 2 Stephen Weiss                                     40     1   2  2  

Penalty Kill - 3 Players Defense
   Defense                  Defense                  Time % Phy DF OF 
 1 Cam Barker               Mark Fistric             60     1   2  2  
 2 Matt Greene              Ryan Suter               40     1   2  2  

4 vs 4 Forward 
   Center                   Wing                     Time % Phy DF OF 
 1 Milan Lucic              Stephen Weiss            60     1   2  2  
 2 Patrice Bergeron         Mike Cammalleri          40     1   2  2  

4 vs 4 Defense
   Defense                  Defense                  Time % Phy DF OF 
 1 Cam Barker               Mark Fistric             60     1   2  2  
 2 Matt Greene              Ryan Suter               40     1   2  2  

Last Minutes Offensive
   Center                   Left Wing                Right Wing               Defense                  Defense                  
   Stephen Weiss            Milan Lucic              Matt Read                Cam Barker               Mark Fistric             

Last Minutes Defensive
   Center                   Left Wing                Right Wing               Defense                  Defense                  
   Stephen Weiss            Milan Lucic              Matt Read                Cam Barker               Mark Fistric             

Goaltenders
Starting : Henrik Lundqvist         
Backup : Hannu Toivonen           

Extra Forwards
Normal : Valtteri Filppula, Radek Bonk, Chris Bourque - PP : Valtteri Filppula, Radek Bonk - PK : Chris Bourque
Extra Defensemen
Normal : Staffan Kronwall, Alexei Emelin, Bryan Young - PP : Staffan Kronwall - PK : Alexei Emelin, Bryan Young
Penalty Shots
Milan Lucic, Stephen Weiss, Patrice Bergeron, Mike Cammalleri, Matt Read

Panthers

5 vs 5 Forward 
   Center                   Left Wing                Right Wing               Time % Phy DF OF 
 1 Sidney Crosby            Taylor Hall              Marian Hossa             40     0   2  3  
 2 Scott Gomez              Daniel Paille            Peter Prucha             30     0   2  3  
 3 Mats Sundin              Jeff Tambellini          Alexander Perezhogin     20     1   2  2  
 4 Rickard Wallin           Ryan Bayda               Mattias Weinhandl        10     1   2  2  

5 vs 5 Defense 
   Defense                  Defense                                           Time % Phy DF OF 
 1 Steve Montador           Matthew Spiller                                   40     0   2  3  
 2 Bryan McCabe             Lubomir Visnovsky                                 30     0   2  3  
 3 Keith Aulie              Nate Guenin                                       20     1   2  2  
 4 Steve Montador           Matthew Spiller                                   10     1   2  2  

PowerPlay Forward 
   Center                   Left Wing                Right Wing               Time % Phy DF OF 
 1 Sidney Crosby            Taylor Hall              Marian Hossa             60     0   1  4  
 2 Scott Gomez              Daniel Paille            Peter Prucha             40     0   1  4  

PowerPlay Defense
   Defense                  Defense                                           Time % Phy DF OF 
 1 Steve Montador           Matthew Spiller                                   60     0   2  3  
 2 Bryan McCabe             Lubomir Visnovsky                                 40     0   2  3  

Penalty Kill 4 Players Forward 
   Center                   Wing                     Time % Phy DF OF 
 1 Scott Gomez              Daniel Paille            60     1   4  0  
 2 Sidney Crosby            Marian Hossa             40     1   4  0  

Penalty Kill 4 Players Defense
   Defense                  Defense                  Time % Phy DF OF 
 1 Steve Montador           Lubomir Visnovsky        60     1   4  0  
 2 Bryan McCabe             Matthew Spiller          40     1   4  0  

Penalty Kill - 3 Players Forward 
   Forward                                           Time % Phy DF OF 
 1 Scott Gomez                                       60     1   4  0  
 2 Sidney Crosby                                     40     1   4  0  

Penalty Kill - 3 Players Defense
   Defense                  Defense                  Time % Phy DF OF 
 1 Steve Montador           Lubomir Visnovsky        60     1   4  0  
 2 Matthew Spiller          Bryan McCabe             40     1   4  0  

4 vs 4 Forward 
   Center                   Wing                     Time % Phy DF OF 
 1 Sidney Crosby            Marian Hossa             60     0   2  3  
 2 Scott Gomez              Peter Prucha             40     0   2  3  

4 vs 4 Defense
   Defense                  Defense                  Time % Phy DF OF 
 1 Steve Montador           Matthew Spiller          60     1   2  2  
 2 Bryan McCabe             Lubomir Visnovsky        40     1   2  2  

Last Minutes Offensive
   Center                   Left Wing                Right Wing               Defense                  Defense                  
   Sidney Crosby            Taylor Hall              Marian Hossa             Steve Montador           Matthew Spiller          

Last Minutes Defensive
   Center                   Left Wing                Right Wing               Defense                  Defense                  
   Sidney Crosby            Taylor Hall              Marian Hossa             Steve Montador           Lubomir Visnovsky        

Goaltenders
Starting : Antti Niemi              
Backup : Jeff Deslauriers         

Extra Forwards
Normal : Scott Gomez, Marian Hossa, Sidney Crosby - PP : Scott Gomez, Taylor Hall - PK : Taylor Hall
Extra Defensemen
Normal : Keith Aulie, Matthew Spiller, Steve Montador - PP : Lubomir Visnovsky - PK : Matthew Spiller, Lubomir Visnovsky
Penalty Shots
Sidney Crosby, Peter Prucha, Scott Gomez, Marian Hossa, Daniel Paille

% Time on Ice - Rangers

Lines # - Real PCT - Wanted PCT - Time Play
Normal Forward
1 - 33% - 40% - 14:23
2 - 30% - 30% - 12:55
3 - 25% - 20% - 10:50
4 - 12% - 10% - 5:14
Normal Defense
1 - 39% - 40% - 16:44
2 - 28% - 30% - 12:18
3 - 27% - 20% - 11:49
4 - 6% - 10% - 2:31
PP Forward
1 - 56% - 60% - 4:51
2 - 44% - 40% - 3:51
PP Defense
1 - 59% - 60% - 5:06
2 - 41% - 40% - 3:36
PK Forward
1 - 78% - 60% - 6:13
2 - 22% - 40% - 1:43
PK Defense
1 - 60% - 60% - 4:47
2 - 40% - 40% - 3:09
PK3 Forward
1 - 0% - 60%
2 - 0% - 40%
PK3 Defense
1 - 0% - 60%
2 - 0% - 40%
44 Forward
1 - 0% - 60%
2 - 0% - 40%
44 Defense
1 - 0% - 60%
2 - 0% - 40%
Last Minute Offensive  - 0:00
Last Minute Defensive  - 0:00
Total
Forward - 60:00
Defense - 60:00

% Time on Ice - Panthers

Lines # - Real PCT - Wanted PCT - Time Play
Normal Forward
1 - 34% - 40% - 14:37
2 - 26% - 30% - 11:21
3 - 22% - 20% - 9:36
4 - 18% - 10% - 7:48
Normal Defense
1 - 41% - 40% - 17:52
2 - 32% - 30% - 13:47
3 - 25% - 20% - 10:55
4 - 2% - 10% - 0:48
PP Forward
1 - 57% - 60% - 4:29
2 - 43% - 40% - 3:27
PP Defense
1 - 64% - 60% - 5:07
2 - 36% - 40% - 2:49
PK Forward
1 - 75% - 60% - 6:30
2 - 25% - 40% - 2:12
PK Defense
1 - 66% - 60% - 5:43
2 - 34% - 40% - 2:59
PK3 Forward
1 - 0% - 60%
2 - 0% - 40%
PK3 Defense
1 - 0% - 60%
2 - 0% - 40%
44 Forward
1 - 0% - 60%
2 - 0% - 40%
44 Defense
1 - 0% - 60%
2 - 0% - 40%
Last Minute Offensive  - 0:00
Last Minute Defensive  - 0:00
Total
Forward - 60:00
Defense - 60:00

Play by Play

1st period


0:01 of 1st period - Sidney Crosby wins face-off versus Stephen Weiss in neutral zone.
0:26 of 1st period - Scott Gomez is hit by Mark Fistric.
0:30 of 1st period - Jakob Silfverberg is hit by Peter Prucha and loses puck.
1:52 of 1st period - Minor Penalty to Scott Gomez for Holding.
1:53 of 1st period - Taylor Hall wins face-off versus Matt Read in Panthers zone.
2:53 of 1st period - Matt Greene is hit by Matthew Spiller and loses puck.
3:00 of 1st period - Matthew Spiller is hit by Milan Lucic and loses puck.
3:17 of 1st period - Steve Montador is hit by Patrice Bergeron and loses puck.
3:34 of 1st period - Marian Hossa is hit by Mike Cammalleri and loses puck.
3:52 of 1st period - Penalty to Scott Gomez is over, Scott Gomez is back on ice.
4:01 of 1st period - Snap shot by Valtteri Filppula.
4:01 of 1st period - Shot Blocked by Daniel Paille.
4:09 of 1st period - Wrist shot by Scott Gomez.
4:09 of 1st period - Shot Misses the Net.
4:11 of 1st period - Snap shot by Scott Gomez.
4:11 of 1st period - Goal by Scott Gomez - Rangers : 0 - Panthers : 1.
4:12 of 1st period - Mats Sundin wins face-off versus Patrice Bergeron in neutral zone.
4:17 of 1st period - Snap shot by Mats Sundin.
4:17 of 1st period - Goal by Mats Sundin - Rangers : 0 - Panthers : 2.
4:18 of 1st period - Scott Gomez wins face-off versus Stephen Weiss in neutral zone.
4:21 of 1st period - Mark Fistric is hit by Daniel Paille and loses puck.
4:50 of 1st period - Wrist shot by Chris Bourque.
4:50 of 1st period - Shot Blocked by Scott Gomez.
4:52 of 1st period - Slapshot by Matt Greene.
4:52 of 1st period - Shot Misses the Net.
4:54 of 1st period - Slapshot by Matt Greene.
4:54 of 1st period - Deflect By Valtteri Filppula.
4:54 of 1st period - Stopped by Antti Niemi with a rebound.
4:56 of 1st period - Slapshot by Ryan Suter.
4:56 of 1st period - Shot Misses the Net.
5:21 of 1st period - Snap shot by Scott Gomez.
5:21 of 1st period - Stopped by Henrik Lundqvist without a rebound.
5:22 of 1st period - Sidney Crosby wins face-off versus Stephen Weiss in Rangers zone.
5:23 of 1st period - Snap shot by Marian Hossa.
5:23 of 1st period - Stopped by Henrik Lundqvist with a rebound.
5:35 of 1st period - Snap shot by Sidney Crosby.
5:35 of 1st period - Shot Blocked by Mark Fistric.
5:47 of 1st period - Cam Barker is hit by Nate Guenin and loses puck.
5:52 of 1st period - Snap shot by Jeff Tambellini.
5:52 of 1st period - Stopped by Henrik Lundqvist without a rebound.
5:53 of 1st period - Stephen Weiss wins face-off versus Mats Sundin in Rangers zone.
6:34 of 1st period - Snap shot by Mike Cammalleri.
6:34 of 1st period - Shot Misses the Net.
6:51 of 1st period - Snap shot by Ryan Jones.
6:51 of 1st period - Stopped by Antti Niemi with a rebound.
7:10 of 1st period - Slapshot by Igor Radulov.
7:10 of 1st period - Stopped by Antti Niemi with a rebound.
7:12 of 1st period - Slapshot by Cam Barker.
7:12 of 1st period - Stopped by Antti Niemi without a rebound.
7:13 of 1st period - Radek Bonk wins face-off versus Sidney Crosby in Panthers zone.
7:14 of 1st period - Snap shot by Milan Lucic.
7:14 of 1st period - Stopped by Antti Niemi without a rebound.
7:15 of 1st period - Radek Bonk wins face-off versus Sidney Crosby in Panthers zone.
7:16 of 1st period - Snap shot by Milan Lucic.
7:16 of 1st period - Shot Misses the Net.
7:28 of 1st period - Snap shot by Taylor Hall.
7:28 of 1st period - Shot Hit the Post.
7:30 of 1st period - Slapshot by Keith Aulie.
7:30 of 1st period - Stopped by Henrik Lundqvist with a rebound.
7:46 of 1st period - Backhand shot by Patrice Bergeron.
7:46 of 1st period - Stopped by Antti Niemi without a rebound.
7:47 of 1st period - Stephen Weiss wins face-off versus Marian Hossa in Panthers zone.
7:48 of 1st period - Wrist shot by Milan Lucic.
7:48 of 1st period - Stopped by Antti Niemi with a rebound.
7:50 of 1st period - Snap shot by Matt Read.
7:50 of 1st period - Goal by Matt Read - Rangers : 1 - Panthers : 2.
7:51 of 1st period - Stephen Weiss wins face-off versus Sidney Crosby in neutral zone.
8:00 of 1st period - Wrist shot by Matt Read.
8:00 of 1st period - Stopped by Antti Niemi without a rebound.
8:01 of 1st period - Stephen Weiss wins face-off versus Sidney Crosby in Panthers zone.
8:06 of 1st period - Snap shot by Stephen Weiss.
8:06 of 1st period - Shot Misses the Net.
8:08 of 1st period - Snap shot by Stephen Weiss.
8:08 of 1st period - Shot Blocked by Matthew Spiller.
8:10 of 1st period - Slapshot by Bryan Young.
8:10 of 1st period - Shot Misses the Net.
8:12 of 1st period - Slapshot by Milan Lucic.
8:12 of 1st period - Shot Misses the Net.
8:14 of 1st period - Slapshot by Matt Read.
8:14 of 1st period - Stopped by Antti Niemi without a rebound.
8:15 of 1st period - Scott Gomez wins face-off versus Stephen Weiss in Panthers zone.
9:03 of 1st period - Slapshot by Jeff Tambellini.
9:03 of 1st period - Shot Misses the Net.
9:18 of 1st period - Off-side.
9:19 of 1st period - Rickard Wallin wins face-off versus Radek Bonk in neutral zone.
9:54 of 1st period - Wrist shot by Taylor Hall.
9:54 of 1st period - Stopped by Henrik Lundqvist with a rebound.
10:23 of 1st period - Off-side.
10:24 of 1st period - Stephen Weiss wins face-off versus Mats Sundin in neutral zone.
11:36 of 1st period - Snap shot by Ryan Bayda.
11:36 of 1st period - Shot Misses the Net.
11:38 of 1st period - Wrist shot by Steve Montador.
11:38 of 1st period - Stopped by Henrik Lundqvist with a rebound.
11:40 of 1st period - Backhand shot by Steve Montador.
11:40 of 1st period - Shot Blocked by Matt Read.
11:54 of 1st period - Minor Penalty to Taylor Hall for Hooking.
11:55 of 1st period - Patrice Bergeron wins face-off versus Scott Gomez in Panthers zone.
11:55 of 1st period - Snap shot by Jakob Silfverberg.
11:55 of 1st period - Stopped by Antti Niemi with a rebound.
12:03 of 1st period - Matt Greene is hit by Scott Gomez and loses puck.
12:22 of 1st period - Scott Gomez is hit by Milan Lucic and loses puck.
13:08 of 1st period - Snap shot by Mats Sundin.
13:08 of 1st period - Deflect By Jeff Tambellini.
13:08 of 1st period - Shot Misses the Net.
13:08 of 1st period - Puck is out of play.
13:09 of 1st period - Stephen Weiss wins face-off versus Scott Gomez in Rangers zone.
13:26 of 1st period - Slapshot by Cam Barker.
13:26 of 1st period - Stopped by Antti Niemi without a rebound.
13:27 of 1st period - Sidney Crosby wins face-off versus Stephen Weiss in Panthers zone.
13:36 of 1st period - Daniel Paille is hit by Stephen Weiss and loses puck.
13:54 of 1st period - Penalty to Taylor Hall is over, Taylor Hall is back on ice.
13:57 of 1st period - Snap shot by Taylor Hall.
13:57 of 1st period - Shot Misses the Net.
13:59 of 1st period - Wrist shot by Taylor Hall.
13:59 of 1st period - Stopped by Henrik Lundqvist with a rebound.
14:45 of 1st period - Marian Hossa is hit by Cam Barker and loses puck.
14:58 of 1st period - Wrist shot by Marian Hossa.
14:58 of 1st period - Deflect By Sidney Crosby.
14:58 of 1st period - Shot Misses the Net.
14:58 of 1st period - Puck is out of play.
14:59 of 1st period - Mats Sundin wins face-off versus Matt Read in Rangers zone.
15:02 of 1st period - Snap shot by Alexander Perezhogin.
15:02 of 1st period - Stopped by Henrik Lundqvist with a rebound.
15:07 of 1st period - Icing by Milan Lucic.
15:08 of 1st period - Stephen Weiss wins face-off versus Mats Sundin in Rangers zone.
15:08 of 1st period - Stephen Weiss is hit by Alexander Perezhogin.
15:38 of 1st period - Snap shot by Milan Lucic.
15:38 of 1st period - Deflect By Matt Read.
15:38 of 1st period - Shot Misses the Net.
15:38 of 1st period - Puck is out of play.
15:39 of 1st period - Valtteri Filppula wins face-off versus Scott Gomez in Panthers zone.
15:40 of 1st period - Snap shot by Chris Bourque.
15:40 of 1st period - Shot Misses the Net.
15:46 of 1st period - Snap shot by Chris Bourque.
15:46 of 1st period - Stopped by Antti Niemi without a rebound.
15:47 of 1st period - Scott Gomez wins face-off versus Valtteri Filppula in Panthers zone.
16:11 of 1st period - Off-side.
16:12 of 1st period - Sidney Crosby wins face-off versus Matt Read in neutral zone.
16:23 of 1st period - Slapshot by Marian Hossa.
16:23 of 1st period - Goal by Marian Hossa - Rangers : 1 - Panthers : 3.
16:24 of 1st period - Stephen Weiss wins face-off versus Sidney Crosby in neutral zone.
16:33 of 1st period - Snap shot by Marian Hossa.
16:33 of 1st period - Shot Misses the Net.
16:41 of 1st period - Marian Hossa is hit by Milan Lucic.
17:00 of 1st period - Snap shot by Mats Sundin.
17:00 of 1st period - Shot Blocked by Patrice Bergeron.
17:06 of 1st period - Minor Penalty to Patrice Bergeron for Holding.
17:07 of 1st period - Milan Lucic wins face-off versus Sidney Crosby in Rangers zone.
17:32 of 1st period - Peter Prucha is hit by Ryan Suter and loses puck.
19:06 of 1st period - Penalty to Patrice Bergeron is over, Patrice Bergeron is back on ice.
19:13 of 1st period - Slapshot by Matt Greene.
19:13 of 1st period - Stopped by Antti Niemi with a rebound.
19:21 of 1st period - Wrist shot by Patrice Bergeron.
19:21 of 1st period - Shot Misses the Net.
19:37 of 1st period - Chris Bourque is hit by Keith Aulie and loses puck.
19:44 of 1st period - Wrist shot by Mattias Weinhandl.
19:44 of 1st period - Shot Blocked by Alexei Emelin.
Goals for this period are 1 for Rangers vs 3 for Panthers.
Shots for this period are 14 for Rangers vs 11 for Panthers.

2nd period


0:01 of 2nd period - Sidney Crosby wins face-off versus Stephen Weiss in neutral zone.
0:04 of 2nd period - Slapshot by Matthew Spiller.
0:04 of 2nd period - Stopped by Henrik Lundqvist without a rebound.
0:05 of 2nd period - Sidney Crosby wins face-off versus Stephen Weiss in Rangers zone.
0:06 of 2nd period - Snap shot by Marian Hossa.
0:06 of 2nd period - Shot Misses the Net.
0:59 of 2nd period - Snap shot by Scott Gomez.
0:59 of 2nd period - Stopped by Henrik Lundqvist with a rebound.
1:05 of 2nd period - Slapshot by Jakob Silfverberg.
1:05 of 2nd period - Shot Misses the Net.
1:19 of 2nd period - Snap shot by Alexander Perezhogin.
1:19 of 2nd period - Stopped by Henrik Lundqvist with a rebound.
1:59 of 2nd period - Mike Cammalleri is hit by Lubomir Visnovsky and loses puck.
2:34 of 2nd period - Wrist shot by Scott Gomez.
2:34 of 2nd period - Stopped by Henrik Lundqvist without a rebound.
2:35 of 2nd period - Scott Gomez wins face-off versus Patrice Bergeron in Rangers zone.
2:36 of 2nd period - Wrist shot by Peter Prucha.
2:36 of 2nd period - Stopped by Henrik Lundqvist without a rebound.
2:37 of 2nd period - Scott Gomez wins face-off versus Patrice Bergeron in Rangers zone.
2:49 of 2nd period - Penalty Shot by Ryan Suter for Rangers.
2:49 of 2nd period - Snap shot by Ryan Suter.
2:49 of 2nd period - Goal by Ryan Suter - Rangers : 2 - Panthers : 3.
2:50 of 2nd period - Sidney Crosby wins face-off versus Stephen Weiss in neutral zone.
2:51 of 2nd period - Sidney Crosby wins face-off versus Stephen Weiss in Rangers zone.
3:06 of 2nd period - Minor Penalty to Milan Lucic for Elbowing.
3:07 of 2nd period - Taylor Hall wins face-off versus Chris Bourque in Rangers zone.
3:23 of 2nd period - Snap shot by Marian Hossa.
3:23 of 2nd period - Stopped by Henrik Lundqvist without a rebound.
3:24 of 2nd period - Sidney Crosby wins face-off versus Chris Bourque in Rangers zone.
3:25 of 2nd period - Wrist shot by Marian Hossa.
3:25 of 2nd period - Stopped by Henrik Lundqvist without a rebound.
3:26 of 2nd period - Chris Bourque wins face-off versus Sidney Crosby in Rangers zone.
3:57 of 2nd period - Cam Barker is hit by Peter Prucha and loses puck.
4:46 of 2nd period - Radek Bonk is hit by Daniel Paille and loses puck.
5:06 of 2nd period - Penalty to Milan Lucic is over, Milan Lucic is back on ice.
5:41 of 2nd period - Wrist shot by Ryan Bayda.
5:41 of 2nd period - Stopped by Henrik Lundqvist without a rebound.
5:42 of 2nd period - Radek Bonk wins face-off versus Rickard Wallin in Rangers zone.
5:42 of 2nd period - Radek Bonk is hit by Rickard Wallin.
6:00 of 2nd period - Minor Penalty to Ryan Bayda for Hooking.
6:01 of 2nd period - Scott Gomez wins face-off versus Matt Read in Panthers zone.
6:34 of 2nd period - Wrist shot by Mike Cammalleri.
6:34 of 2nd period - Goal by Mike Cammalleri - Rangers : 3 - Panthers : 3.
6:35 of 2nd period - Sidney Crosby wins face-off versus Stephen Weiss in neutral zone.
6:38 of 2nd period - Snap shot by Sidney Crosby.
6:38 of 2nd period - Stopped by Henrik Lundqvist with a rebound.
6:40 of 2nd period - Slapshot by Lubomir Visnovsky.
6:40 of 2nd period - Shot Misses the Net.
7:08 of 2nd period - Snap shot by Steve Montador.
7:08 of 2nd period - Deflect By Daniel Paille.
7:08 of 2nd period - Stopped by Henrik Lundqvist without a rebound.
7:09 of 2nd period - Patrice Bergeron wins face-off versus Scott Gomez in Rangers zone.
7:40 of 2nd period - Snap shot by Alexander Perezhogin.
7:40 of 2nd period - Deflect By Mats Sundin.
7:40 of 2nd period - Shot Misses the Net.
7:40 of 2nd period - Puck is out of play.
7:41 of 2nd period - Mats Sundin wins face-off versus Stephen Weiss in Rangers zone.
7:42 of 2nd period - Wrist shot by Alexander Perezhogin.
7:42 of 2nd period - Stopped by Henrik Lundqvist without a rebound.
7:43 of 2nd period - Stephen Weiss wins face-off versus Sidney Crosby in Rangers zone.
7:43 of 2nd period - Stephen Weiss is hit by Taylor Hall.
8:33 of 2nd period - Snap shot by Chris Bourque.
8:33 of 2nd period - Shot Blocked by Steve Montador.
8:35 of 2nd period - Wrist shot by Valtteri Filppula.
8:35 of 2nd period - Shot Misses the Net.
8:37 of 2nd period - Snap shot by Chris Bourque.
8:37 of 2nd period - Shot Misses the Net.
8:39 of 2nd period - Snap shot by Valtteri Filppula.
8:39 of 2nd period - Shot Misses the Net.
8:41 of 2nd period - Wrist shot by Cam Barker.
8:41 of 2nd period - Stopped by Antti Niemi with a rebound.
10:12 of 2nd period - Matt Read is hit by Taylor Hall and loses puck.
10:54 of 2nd period - Chris Bourque is hit by Scott Gomez and loses puck.
11:04 of 2nd period - Icing by Cam Barker.
11:05 of 2nd period - Mats Sundin wins face-off versus Stephen Weiss in Rangers zone.
11:08 of 2nd period - Snap shot by Jeff Tambellini.
11:08 of 2nd period - Deflect By Mats Sundin.
11:08 of 2nd period - Shot Misses the Net.
11:08 of 2nd period - Puck is out of play.
11:09 of 2nd period - Mats Sundin wins face-off versus Stephen Weiss in Rangers zone.
11:35 of 2nd period - Jeff Tambellini is hit by Jakob Silfverberg and loses puck.
12:51 of 2nd period - Icing by Taylor Hall.
12:52 of 2nd period - Valtteri Filppula wins face-off versus Sidney Crosby in Panthers zone.
12:53 of 2nd period - Slapshot by Chris Bourque.
12:53 of 2nd period - Stopped by Antti Niemi without a rebound.
12:54 of 2nd period - Sidney Crosby wins face-off versus Valtteri Filppula in Panthers zone.
13:24 of 2nd period - Slapshot by Ryan Suter.
13:24 of 2nd period - Stopped by Antti Niemi with a rebound.
13:53 of 2nd period - Minor Penalty to Matt Read for Holding.
13:54 of 2nd period - Milan Lucic wins face-off versus Sidney Crosby in Rangers zone.
14:10 of 2nd period - Cam Barker is hit by Steve Montador and loses puck.
15:10 of 2nd period - Cam Barker is hit by Daniel Paille and loses puck.
15:53 of 2nd period - Penalty to Matt Read is over, Matt Read is back on ice.
16:26 of 2nd period - Slapshot by Matt Greene.
16:26 of 2nd period - Stopped by Antti Niemi with a rebound.
17:32 of 2nd period - Cam Barker is hit by Sidney Crosby and loses puck.
17:43 of 2nd period - Peter Prucha is hit by Mike Cammalleri and loses puck.
17:56 of 2nd period - Mike Cammalleri is hit by Alexander Perezhogin and loses puck.
18:30 of 2nd period - Icing by Ryan Jones.
18:31 of 2nd period - Rickard Wallin wins face-off versus Valtteri Filppula in Rangers zone.
18:32 of 2nd period - Slapshot by Mattias Weinhandl.
18:32 of 2nd period - Shot Misses the Net.
18:54 of 2nd period - Mattias Weinhandl is hit by Jakob Silfverberg and loses puck.
19:09 of 2nd period - Snap shot by Scott Gomez.
19:09 of 2nd period - Shot Blocked by Matt Greene.
19:50 of 2nd period - Wrist shot by Milan Lucic.
19:50 of 2nd period - Shot Blocked by Keith Aulie.
Goals for this period are 2 for Rangers vs 0 for Panthers.
Shots for this period are 5 for Rangers vs 11 for Panthers.

3rd period


0:01 of 3rd period - Stephen Weiss wins face-off versus Sidney Crosby in neutral zone.
0:30 of 3rd period - Snap shot by Jakob Silfverberg.
0:30 of 3rd period - Goal by Jakob Silfverberg - Rangers : 4 - Panthers : 3.
0:31 of 3rd period - Stephen Weiss wins face-off versus Sidney Crosby in neutral zone.
0:34 of 3rd period - Slapshot by Mark Fistric.
0:34 of 3rd period - Stopped by Antti Niemi with a rebound.
0:58 of 3rd period - Matthew Spiller is hit by Ryan Jones and loses puck.
1:06 of 3rd period - Minor Penalty to Chris Bourque for Hooking.
1:07 of 3rd period - Sidney Crosby wins face-off versus Milan Lucic in Rangers zone.
1:07 of 3rd period - Wrist shot by Marian Hossa.
1:07 of 3rd period - Stopped by Henrik Lundqvist with a rebound.
1:09 of 3rd period - Slapshot by Matthew Spiller.
1:09 of 3rd period - Shot Misses the Net.
1:11 of 3rd period - Wrist shot by Taylor Hall.
1:11 of 3rd period - Stopped by Henrik Lundqvist with a rebound.
3:06 of 3rd period - Penalty to Chris Bourque is over, Chris Bourque is back on ice.
3:06 of 3rd period - Wrist shot by Igor Radulov.
3:06 of 3rd period - Shot Blocked by Lubomir Visnovsky.
3:29 of 3rd period - Wrist shot by Ryan Bayda.
3:29 of 3rd period - Stopped by Henrik Lundqvist with a rebound.
3:35 of 3rd period - Ryan Bayda is hit by Staffan Kronwall and loses puck.
3:42 of 3rd period - Snap shot by Chris Bourque.
3:42 of 3rd period - Stopped by Antti Niemi without a rebound.
3:43 of 3rd period - Patrice Bergeron wins face-off versus Alexander Perezhogin in Panthers zone.
3:46 of 3rd period - Snap shot by Mike Cammalleri.
3:46 of 3rd period - Goal by Mike Cammalleri - Rangers : 5 - Panthers : 3.
3:46 of 3rd period - Jeff Deslauriers enters game.
3:47 of 3rd period - Stephen Weiss wins face-off versus Sidney Crosby in neutral zone.
3:50 of 3rd period - Snap shot by Matt Read.
3:50 of 3rd period - Stopped by Jeff Deslauriers without a rebound.
3:51 of 3rd period - Stephen Weiss wins face-off versus Sidney Crosby in Panthers zone.
3:57 of 3rd period - Icing by Steve Montador.
3:58 of 3rd period - Sidney Crosby wins face-off versus Stephen Weiss in Panthers zone.
3:58 of 3rd period - Sidney Crosby is hit by Milan Lucic.
4:14 of 3rd period - Snap shot by Milan Lucic.
4:14 of 3rd period - Deflect By Stephen Weiss.
4:14 of 3rd period - Goal by Stephen Weiss - Rangers : 6 - Panthers : 3.
4:15 of 3rd period - Stephen Weiss wins face-off versus Sidney Crosby in neutral zone.
4:20 of 3rd period - Slapshot by Milan Lucic.
4:20 of 3rd period - Shot Misses the Net.
4:22 of 3rd period - Snap shot by Stephen Weiss.
4:22 of 3rd period - Stopped by Jeff Deslauriers with a rebound.
4:36 of 3rd period - Minor Penalty to Taylor Hall for Hooking.
4:37 of 3rd period - Stephen Weiss wins face-off versus Scott Gomez in Panthers zone.
4:46 of 3rd period - Slapshot by Milan Lucic.
4:46 of 3rd period - Stopped by Jeff Deslauriers with a rebound.
4:48 of 3rd period - Snap shot by Stephen Weiss.
4:48 of 3rd period - Goal by Stephen Weiss - Rangers : 7 - Panthers : 3.
4:49 of 3rd period - Sidney Crosby wins face-off versus Stephen Weiss in neutral zone.
5:16 of 3rd period - Matthew Spiller is hit by Valtteri Filppula and loses puck.
5:41 of 3rd period - Wrist shot by Ryan Suter.
5:41 of 3rd period - Stopped by Jeff Deslauriers with a rebound.
6:05 of 3rd period - Backhand shot by Ryan Bayda.
6:05 of 3rd period - Shot Misses the Net.
6:07 of 3rd period - Snap shot by Ryan Bayda.
6:07 of 3rd period - Shot Blocked by Igor Radulov.
6:38 of 3rd period - Wrist shot by Alexei Emelin.
6:38 of 3rd period - Stopped by Jeff Deslauriers with a rebound.
6:40 of 3rd period - Minor Penalty to Scott Gomez for Holding.
6:41 of 3rd period - Stephen Weiss wins face-off versus Taylor Hall in Panthers zone.
6:48 of 3rd period - Snap shot by Stephen Weiss.
6:48 of 3rd period - Shot Blocked by Steve Montador.
7:12 of 3rd period - Daniel Paille is hit by Jakob Silfverberg and loses puck.
8:40 of 3rd period - Penalty to Scott Gomez is over, Scott Gomez is back on ice.
8:49 of 3rd period - Off-side.
8:50 of 3rd period - Valtteri Filppula wins face-off versus Sidney Crosby in neutral zone.
9:48 of 3rd period - Valtteri Filppula is hit by Steve Montador and loses puck.
9:54 of 3rd period - Off-side.
9:55 of 3rd period - Stephen Weiss wins face-off versus Sidney Crosby in neutral zone.
10:03 of 3rd period - Bryan McCabe is hit by Stephen Weiss and loses puck.
10:17 of 3rd period - Icing by Bryan McCabe.
10:18 of 3rd period - Sidney Crosby wins face-off versus Patrice Bergeron in Panthers zone.
11:09 of 3rd period - Snap shot by Valtteri Filppula.
11:09 of 3rd period - Shot Misses the Net.
11:11 of 3rd period - Wrist shot by Chris Bourque.
11:11 of 3rd period - Deflect By Ryan Jones.
11:11 of 3rd period - Shot Misses the Net.
11:11 of 3rd period - Puck is out of play.
11:12 of 3rd period - Mike Cammalleri wins face-off versus Scott Gomez in Panthers zone.
11:15 of 3rd period - Snap shot by Jakob Silfverberg.
11:15 of 3rd period - Goal by Jakob Silfverberg - Rangers : 8 - Panthers : 3.
11:16 of 3rd period - Stephen Weiss wins face-off versus Taylor Hall in neutral zone.
11:19 of 3rd period - Steve Montador is hit by Matt Read and loses puck.
11:42 of 3rd period - Sidney Crosby is hit by Ryan Jones and loses puck.
11:43 of 3rd period - Sidney Crosby from Panthers is injured at 11:43 of 3rd period (Right Eye).
11:44 of 3rd period - Scott Gomez wins face-off versus Stephen Weiss in Panthers zone.
11:57 of 3rd period - Slapshot by Taylor Hall.
11:57 of 3rd period - Stopped by Henrik Lundqvist with a rebound.
11:59 of 3rd period - Snap shot by Taylor Hall.
11:59 of 3rd period - Stopped by Henrik Lundqvist with a rebound.
12:45 of 3rd period - Icing by Mark Fistric.
12:46 of 3rd period - Scott Gomez wins face-off versus Radek Bonk in Rangers zone.
12:51 of 3rd period - Slapshot by Scott Gomez.
12:51 of 3rd period - Stopped by Henrik Lundqvist without a rebound.
12:52 of 3rd period - Scott Gomez wins face-off versus Radek Bonk in Rangers zone.
12:55 of 3rd period - Wrist shot by Scott Gomez.
12:55 of 3rd period - Shot Blocked by Milan Lucic.
13:23 of 3rd period - Slapshot by Daniel Paille.
13:23 of 3rd period - Shot Misses the Net.
13:35 of 3rd period - Wrist shot by Igor Radulov.
13:35 of 3rd period - Stopped by Jeff Deslauriers with a rebound.
13:37 of 3rd period - Snap shot by Milan Lucic.
13:37 of 3rd period - Stopped by Jeff Deslauriers without a rebound.
13:38 of 3rd period - Patrice Bergeron wins face-off versus Mats Sundin in Panthers zone.
13:45 of 3rd period - Slapshot by Patrice Bergeron.
13:45 of 3rd period - Shot Blocked by Marian Hossa.
13:47 of 3rd period - Wrist shot by Cam Barker.
13:47 of 3rd period - Shot Blocked by Matthew Spiller.
13:49 of 3rd period - Slapshot by Mark Fistric.
13:49 of 3rd period - Deflect By Mats Sundin.
13:49 of 3rd period - Stopped by Jeff Deslauriers with a rebound.
13:51 of 3rd period - Snap shot by Patrice Bergeron.
13:51 of 3rd period - Shot Blocked by Mats Sundin.
13:53 of 3rd period - Wrist shot by Mike Cammalleri.
13:53 of 3rd period - Stopped by Jeff Deslauriers with a rebound.
14:07 of 3rd period - Snap shot by Valtteri Filppula.
14:07 of 3rd period - Shot Blocked by Matthew Spiller.
14:09 of 3rd period - Snap shot by Staffan Kronwall.
14:09 of 3rd period - Stopped by Jeff Deslauriers with a rebound.
14:17 of 3rd period - Snap shot by Steve Montador.
14:17 of 3rd period - Shot Misses the Net.
14:37 of 3rd period - Snap shot by Rickard Wallin.
14:37 of 3rd period - Stopped by Henrik Lundqvist without a rebound.
14:38 of 3rd period - Patrice Bergeron wins face-off versus Rickard Wallin in Rangers zone.
14:47 of 3rd period - Mark Fistric is hit by Bryan McCabe and loses puck.
15:56 of 3rd period - Mike Cammalleri is hit by Daniel Paille and loses puck.
16:29 of 3rd period - Slapshot by Scott Gomez.
16:29 of 3rd period - Shot Misses the Net.
16:42 of 3rd period - Off-side.
16:43 of 3rd period - Mats Sundin wins face-off versus Stephen Weiss in neutral zone.
16:46 of 3rd period - Matt Read is hit by Marian Hossa and loses puck.
16:51 of 3rd period - Snap shot by Taylor Hall.
16:51 of 3rd period - Stopped by Henrik Lundqvist without a rebound.
16:52 of 3rd period - Stephen Weiss wins face-off versus Mats Sundin in Rangers zone.
17:05 of 3rd period - Snap shot by Alexei Emelin.
17:05 of 3rd period - Deflect By Matt Read.
17:05 of 3rd period - Shot Hit the Post.
17:05 of 3rd period - Puck is out of play.
17:06 of 3rd period - Scott Gomez wins face-off versus Stephen Weiss in Panthers zone.
17:06 of 3rd period - Marian Hossa is hit by Stephen Weiss.
17:28 of 3rd period - Minor Penalty to Alexander Perezhogin for Roughing.
17:29 of 3rd period - Scott Gomez wins face-off versus Stephen Weiss in Panthers zone.
17:40 of 3rd period - Slapshot by Stephen Weiss.
17:40 of 3rd period - Shot Blocked by Steve Montador.
17:42 of 3rd period - Wrist shot by Milan Lucic.
17:42 of 3rd period - Deflect By Steve Montador.
17:42 of 3rd period - Shot Hit the Post.
17:42 of 3rd period - Puck is out of play.
17:43 of 3rd period - Scott Gomez wins face-off versus Stephen Weiss in Panthers zone.
17:43 of 3rd period - Scott Gomez is hit by Matt Read.
18:18 of 3rd period - Snap shot by Patrice Bergeron.
18:18 of 3rd period - Stopped by Jeff Deslauriers with a rebound.
19:00 of 3rd period - Mike Cammalleri is hit by Lubomir Visnovsky and loses puck.
19:28 of 3rd period - Penalty to Alexander Perezhogin is over, Alexander Perezhogin is back on ice.
19:44 of 3rd period - Ryan Bayda is hit by Ryan Jones and loses puck.
Goals for this period are 5 for Rangers vs 0 for Panthers.
Shots for this period are 18 for Rangers vs 8 for Panthers.